 Dungeon Crawl Stone Soup version 0.30-a0-728-gc68057be0a (webtiles) character file.

Game seed: 12900620550904461049

86274 sokol815 the Thrower (level 15, -6/118 HPs)
             Began as a Gnoll Wanderer on Feb 1, 2023.
             Was a High Priest of Elyvilon.
             Mangled by Agnes
             ... wielding a +1 lajatang of electrocution
              (14 damage)
             ... on level 14 of the Dungeon.
             The game lasted 01:07:41 (20779 turns).

sokol815 the Thrower (Gnoll Wanderer)              Turns: 20779, Time: 01:07:41

Health: -6/118     AC: 14    Str: 12    XL:     15   Next: 86%
Magic:  0/48       EV: 20    Int: 17    God:    Elyvilon [*****.]
Gold:   1601       SH:  0    Dex: 21    Spells: 20/36 levels left

rFire   + . .      SeeInvis +    b - +7 sling of the Conjuring Asp {freeze, *Corrode rF+ Will+ SInv}
rCold   . . .      Faith    .    (no shield)
rNeg    . . .      Spirit   .    S - +0 leather armour "Axaiklucs" {MP+9 Str+3 Int+3}
rPois   .          Reflect  .    l - +2 hat
rElec   .          Harm     .    m - +0 cloak
rCorr   .          Rampage  +    u - +2 pair of gloves {Stlth+}
Will    +++..                    Z - +2 pair of boots "Qitush" {Rampage Will+}
Stlth   ++++++                   f - amulet of regeneration
HPRegen 1.19/turn                s - ring of magical power {MP+9}
MPRegen 0.31/turn                V - ring of Biymodek {AC+4 Dex+2 Slay+3}

@: about to teleport, corroded, hasted, very quick
A: fangs 1, strong nose, distributed training
a: Renounce Religion, Purification, Heal Other, Heal Self, Divine Vigour


You were on level 14 of the Dungeon.
You worshipped Elyvilon.
Elyvilon was extremely pleased with you.
You visited 3 branches of the dungeon, and saw 21 of its levels.

You collected 2354 gold pieces.
You spent 753 gold pieces at shops.

Inventory:

Hand Weapons
 a - the +12 glaive of Prune {freeze, Prune}
   (You took it off an orc on level 8 of the Dungeon)

   Prune:     It halves damage taken while paralysed, petrified or unconscious.
 b - the +7 sling of the Conjuring Asp (weapon) {freeze, *Corrode rF+ Will+ SInv}
   (You found it on level 8 of the Dungeon)

   rF:        It protects you from fire.
   SInv:      It lets you see invisible.
   *Corrode:  It may corrode you when you take damage.
   Will:      It increases your willpower.
 c - a +4 scimitar of flaming
   (You took it off Erica on level 9 of the Dungeon)
 Q - a +2 dagger of electrocution
   (You took it off an orc on level 9 of the Dungeon)
Missiles
 e - 6 silver javelins
 h - 7 silver boomerangs
 k - 9 boomerangs
 z - 6 throwing nets {!d}
 A - 6 curare-tipped darts
 P - 5 atropa-tipped darts
 W - 24 poisoned darts
Armour
 l - a +2 hat (worn)
   (You found it on level 3 of the Dungeon)
 m - a +0 cloak (worn)
 u - a +2 pair of gloves of stealth (worn)
   (You bought it in a shop on level 4 of the Dungeon)
 S - the +0 leather armour "Axaiklucs" (worn) {MP+9 Str+3 Int+3}
   (You found it on level 5 of the Dungeon)

   Str:       It affects your strength (+3).
   Int:       It affects your intelligence (+3).
   MP:        It affects your magic capacity (+9).
 Z - the +2 pair of boots "Qitush" (worn) {Rampage Will+}
   (You found it on level 5 of the Lair of Beasts)

   Rampage:   It bestows one free step when moving towards enemies.
   Will:      It increases your willpower.
Jewellery
 f - an amulet of regeneration (around neck)
   (You found it on level 1 of the Dungeon)
 o - an amulet of the acrobat
   (You found it on level 8 of the Dungeon)
 s - a ring of magical power (left hand) {MP+9}
   (You found it on level 10 of the Dungeon)
 t - a ring of ice {rC+, rF-}
   (You took it off Fannar on level 12 of the Dungeon)
 C - a ring of protection from cold {rC+, !d}
   (You took it off a wight on level 4 of the Dungeon)
 E - a +5 ring of evasion
   (You found it on level 4 of the Lair of Beasts)
 T - a ring of flight {+Fly, !d}
   (You found it on level 3 of the Lair of Beasts)
 V - the ring of Biymodek (right hand) {AC+4 Dex+2 Slay+3}
   (You took it off a centaur on level 8 of the Dungeon)

   [ring of protection]

   AC:        It affects your AC (+4).
   Dex:       It affects your dexterity (+2).
   Slay:      It affects your accuracy & damage with ranged weapons and melee
   (+3).
Wands
 i - a wand of iceblast (17)
   (You found it on level 11 of the Dungeon)
 j - a wand of polymorph (13)
   (You found it on level 10 of the Dungeon)
 p - a wand of paralysis (8)
   (You found it on level 1 of the Lair of Beasts)
 q - a wand of flame (5)
   (You found it on level 3 of the Lair of Beasts)
 v - a wand of quicksilver (17)
   (You found it on level 5 of the Dungeon)
 y - a wand of mindburst (7)
   (You found it on level 10 of the Dungeon)
Scrolls
 d - a scroll of fear
 n - 2 scrolls of enchant weapon
 r - 9 scrolls of identify {@r1}
 x - 2 scrolls of fog
 K - 2 scrolls of immolation {!r}
 O - 2 scrolls of silence
 X - a scroll of magic mapping {@r4!r}
 Y - 4 scrolls of teleportation {@r3}
Potions
 g - 5 potions of attraction {!q}
 B - 5 potions of brilliance
 F - 2 potions of cancellation
 G - a potion of ambrosia {!q}
 H - a potion of haste
 I - 4 potions of invisibility
 J - 12 potions of curing {@q1}
 L - a potion of flight
 M - 2 potions of might
 N - 3 potions of heal wounds {@q2}
 R - 2 potions of resistance
 U - 3 potions of mutation {!q}
Miscellaneous
 w - a phial of floods
   (You found it on level 12 of the Dungeon)


   Skills:
 + Level 11.1 Fighting
 + Level 10.8 Short Blades
 + Level 10.8 Long Blades
 + Level 10.8 Axes
 + Level 10.8 Maces & Flails
 + Level 10.8 Polearms
 + Level 10.8 Staves
 + Level 10.8 Ranged Weapons
 + Level 13.5 Throwing
 + Level 10.8 Armour
 + Level 11.7 Dodging
 + Level 11.1 Stealth
 + Level 10.8 Shields
 + Level 10.8 Unarmed Combat
 + Level 11.2 Spellcasting
 + Level 9.1 Conjurations
 + Level 9.1 Hexes
 + Level 9.1 Summonings
 + Level 9.1 Necromancy
 + Level 9.1 Translocations
 + Level 9.1 Transmutations
 + Level 9.1 Fire Magic
 + Level 9.1 Ice Magic
 + Level 9.3 Air Magic
 + Level 9.1 Earth Magic
 + Level 9.1 Poison Magic
 + Level 11.7 Invocations
 + Level 10.8 Evocations


You had 20 spell levels left.
You knew the following spells:

 Your Spells              Type           Power      Damage    Failure   Level
a - Poisonous Vapours     Pois/Air       80%        N/A       1%          2
b - Teleport Other        Tloc           40%        N/A       1%          3
c - Call Canine Familiar  Summ           40%        N/A       1%          3
d - Summon Lightning Spi  Summ/Air       40%        N/A       1%          4
e - Manifold Assault      Tloc           40%        N/A       2%          4

Your spell library contained the following spells:

 Spells                   Type           Power      Damage    Failure   Level
 Kiss of Death            Conj/Necr      100%       2d13      1%          1
 Summon Small Mammal      Summ           100%       N/A       1%          1
 Cigotuvi's Dreadful Rot  Necr/Pois/Air  80%        N/A       1%          2
 Sublimation of Blood     Necr           40%        N/A       1%          2
 Confusing Touch          Hex            40%        N/A       1%          3
 Gell's Gravitas          Tloc           40%        N/A       1%          3
 Inner Flame              Hex/Fire       40%        N/A       1%          3
 Summon Guardian Golem    Hex/Summ       40%        N/A       1%          3
 Airstrike                Air            20%        2d(3-19)  1%          4
 Dispel Undead            Necr           40%        3d16      2%          4
 Flame Wave               Conj/Fire      40%        2d11      2%          4
 Petrify                  Tmut/Erth      40%        N/A       2%          4
 Sticky Flame             Conj/Fire      40%        2d6       2%          4
 Irradiate                Conj/Tmut      20%        3d18      6%          5
 Lightning Bolt           Conj/Air       20%        1d35      6%          5
 Dispersal                Tloc           20%        N/A       34%         6
 Disjunction              Tloc           20%        N/A       100%        8


Dungeon Overview and Level Annotations

Branches:
Dungeon (14/15) Zot: 25753  Temple (0/1) D:5            Lair (5/5) D:10 Zot: 23881
 Shoals (0/4) Lair:3        Snake (0/4) Lair:3        Slime (0/5) Lair:4
    Orc (2/2) D:9 Zot: 10087     Elf (0/3) Orc:2
 Vaults: D:13-14

Altars:
Cheibriados
Elyvilon
Gozag
Makhleb
Nemelex Xobeh
Trog

Shops:
D:4 [   D:5 =   D:7 *   D:12 *   Orc:1 ?   Orc:2 *(?[*:[

Annotations:
D:2 Jessica
D:9 2 transporters, Dittersdorf's ghost, journeyman GrFi
D:12 1 runed translucent door, Legacy's ghost, journeyman MiBe
D:14 Agnes


Innate Abilities, Weirdness & Mutations

You have very sharp teeth.
Your uncanny sense of smell can sniff out nearby items.
Your experience applies equally to all skills.


Message History

Agnes hits you with a +1 lajatang of electrocution!!
* * * LOW HITPOINT WARNING * * *
You take 34 damage, and have 26/118 hp.
MASSIVE DAMAGE!!
You shoot a sling bullet. The sling bullet hits Agnes!
The sling bullet freezes Agnes.
Agnes misses you.
You shoot a sling bullet. The sling bullet hits Agnes!
The sling bullet freezes Agnes.
Agnes hits you with a +1 lajatang of electrocution!!
* * * LOW HITPOINT WARNING * * *
You take 24 damage, and have 3/118 hp.
MASSIVE DAMAGE!!
You are healed.
Agnes barely misses you.
You regained 21 hp, and now have 24/118 hp.
You now have 13/48 mp.
You are healed.
Agnes misses you.
You regained 28 hp, and now have 52/118 hp.
You now have 11/48 mp.
Unknown command.
You shoot a sling bullet. The sling bullet closely misses Agnes.
The sling bullet hits the seven-headed hydra.
The sling bullet freezes the seven-headed hydra.
Agnes completely misses you.
Agnes hits you with a +1 lajatang of electrocution!!
* * * LOW HITPOINT WARNING * * *
You take 29 damage, and have 23/118 hp.
MASSIVE DAMAGE!!
Agnes hits you with a +1 lajatang of electrocution!!
Elyvilon protects you from harm!
You now have 8/48 mp.
Unknown command.
You are healed.
Agnes hits you with a +1 lajatang of electrocution.
Your wolf bites the seven-headed hydra!
You regained 27 hp, and now have 51/118 hp.
You now have 7/48 mp.
You shoot a sling bullet. The sling bullet hits Agnes!
The sling bullet freezes Agnes.
Agnes hits you with a +1 lajatang of electrocution!!
* * * LOW HITPOINT WARNING * * *
You are electrocuted!
* * * LOW HITPOINT WARNING * * *
Your wolf bites the seven-headed hydra!
You take 41 damage, and have 10/118 hp.
MASSIVE DAMAGE!!
You are healed.
Agnes hits you with a +1 lajatang of electrocution!!
* * * LOW HITPOINT WARNING * * *
Your wolf bites the seven-headed hydra.
You take 3 damage, and have 7/118 hp.
You now have 5/48 mp.
You are healed.
Agnes misses you.
Your wolf bites the seven-headed hydra!
Agnes hits you with a +1 lajatang of electrocution!
* * * LOW HITPOINT WARNING * * *
Your corrosive artefact corrodes you!
You regained 12 hp, and now have 19/118 hp.
You now have 3/48 mp.
You are healed.
Your wolf bites the seven-headed hydra!
Agnes closely misses you.
The seven-headed hydra bites your wolf! x2
Your wolf dies!
Your wolf's corpse disappears in a puff of smoke!
The seven-headed hydra bites your lightning spire.
The seven-headed hydra bites your lightning spire but does no damage.
The seven-headed hydra bites your lightning spire. x3
You regained 26 hp, and now have 45/118 hp.
You now have 1/48 mp.
You shoot a sling bullet. The sling bullet hits Agnes.
The sling bullet freezes Agnes.
Agnes hits you with a +1 lajatang of electrocution!!
* * * LOW HITPOINT WARNING * * *
You are electrocuted!!
Elyvilon protects you from harm!
You take 34 damage, and have 11/118 hp.
MASSIVE DAMAGE!!
You are healed.
Agnes shouts, "I will kick you around like a rattan ball!"
Agnes barely misses you.
The seven-headed hydra bites your lightning spire. x2
The seven-headed hydra bites your lightning spire! x2
Your lightning spire is destroyed!
Your lightning spire disappears in a puff of smoke!
You regained 28 hp, and now have 39/118 hp.
You now have 0/48 mp.
As you read the scroll of teleportation {@r3}, it crumbles to dust.
You feel strangely unstable. Agnes misses you.
Agnes hits you with a +1 lajatang of electrocution.
You are electrocuted!!
* * * LOW HITPOINT WARNING * * *
You take 21 damage, and have 18/118 hp.
You shoot a sling bullet. The sling bullet closely misses Agnes.
The sling bullet barely misses the seven-headed hydra.
Agnes hits you with a +1 lajatang of electrocution.
* * * LOW HITPOINT WARNING * * *
You take 2 damage, and have 16/118 hp.
You shoot a sling bullet. The sling bullet hits Agnes.
The sling bullet freezes Agnes.
Agnes hits you with a +1 lajatang of electrocution!
* * * LOW HITPOINT WARNING * * *
You are electrocuted!
You die...

#.#.#.......#
#.>.....#.....
##..##).....###
####...##....#.#
#.....###.####.#
###.##..###.####.##..
.......D.............
#######i###.#.##.###
#@# #.#.##.#
#...##......#
#...####.##.# #...#
#.##.####### #...#
#........... #...#
#.##.####### #...#
#.##.# ##### #.####
#.#


You could see Agnes (strong) and a seven-headed hydra.

Vanquished Creatures
  Kirke (D:11)
  A dire elephant (Lair:5)
  Snorg (D:12)
  Josephine (D:14)
  Fannar (D:12)
  2 hydras
  A vault guard (D:14)
  5 centaur warriors
  4 ogre magi
  2 catoblepae (Lair:5)
  Erica (D:9)
  15 two-headed ogres
  4 boulder beetles
  A deep troll shaman (Lair:5)
  3 death yaks (Lair:5)
  Urug (Lair:2)
  Nergalle (Lair:2)
  Sonja (Lair:4)
  Amaemon (D:8)
  An orc knight (D:14)
  2 orc sorcerers (Orc:1)
  4 deep elf pyromancers
  A manticore (D:8)
  7 cyclopes
  20 elephants
  3 black mambas
  An orange demon (D:8)
  3 unseen horrors
  10 cane toads
  3 gargoyles
  2 rime drakes
  An efreet (D:14)
  6 kobold demonologists
  2 tengu conjurers
  5 komodo dragons
  12 trolls
  A polar bear (Lair:4)
  2 dream sheep (Lair:5)
  7 blink frogs
  A raiju (shapeshifter) (D:13)
  8 slime creatures (D:13)
  Sigmund (D:5)
  2 shadows
  4 wyverns
  40 yaks
  3 hogs
  6 wraiths
  9 basilisks
  3 steam dragons
  5 vampire mosquitoes (D:12)
  Menkaure (D:4)
  3 nagas (Lair:3)
  9 wargs
  7 water moccasins
  A water moccasin (shapeshifter) (D:8)
  20 orc warriors
  Duvessa (D:5)
  2 ice beasts (D:8)
  A sky beast (D:7)
  4 black bears
  23 ogres
  7 wolves
  11 centaurs
  A phantom (D:4)
  5 kobold brigands
  14 bullfrogs
  3 gnoll sergeants
  3 necrophages
  7 scorpions
  7 wights
  Dowan (D:5)
  4 killer bees (D:7)
  3 howler monkeys
  An electric eel (D:12)
  13 orc priests
  3 gnoll boudas
  3 hounds
  3 jellies (D:7)
  3 iguanas
  24 orc wizards
  3 hell rats (Lair:5)
  31 gnolls
  3 adders
  3 white imps
  3 worms
  A dart slug (D:2)
  65 orcs
  6 ball pythons
  6 endoplasms
  A giant cockroach (D:4)
  7 goblins
  7 hobgoblins
  7 jackals
  4 quokkas
  3 training dummies (Orc:2)
  6 bats
  31 kobolds
  5 rats
602 creatures vanquished.

Vanquished Creatures (collateral kills)
  2 death yaks (Lair:5)
  3 elephants
  2 cane toads
  2 blink frogs (Lair:5)
  3 dream sheep (Lair:5)
  A wyvern (Lair:5)
  A basilisk (Lair:3)
  12 yaks
  A naga (Lair:3)
  3 water moccasins
  4 wolves
  A centaur (Lair:3)
  2 bullfrogs (Lair:2)
  A hell rat (Lair:5)
38 creatures vanquished.

Vanquished Creatures (others)
  A human (D:12)
  A water moccasin (D:7)
  An orc wizard (D:7)
  A gnoll (D:10)
  A white imp (D:5)
  2 orcs (D:7)
  27 fungi
  38 plants
72 creatures vanquished.

Grand Total: 712 creatures vanquished

Notes
Turn   | Place    | Note
-------+----------+-------------------------------------------
     0 | D:1      | sokol815 the Gnoll Wanderer began the quest for the Orb.
     0 | D:1      | sokol815 set off with the following items: a +2 dagger, a
                  | curare-tipped dart, a +0 cloak, a +0 robe, a potion of
                  | might; and the following spells available to memorise:
                  | Poisonous Vapours, Cigotuvi's Dreadful Rot.
     0 | D:1      | Reached XP level 1. HP: 17/17 MP: 4/4
   127 | D:1      | Reached skill level 2 in Air Magic
   225 | D:1      | Reached XP level 2. HP: 23/23 MP: 5/5
   641 | D:1      | HP: 4/23 [gnoll/+0 flail of protection (6)]
   643 | D:1      | Reached XP level 3. HP: 6/28 MP: 7/7
   671 | D:2      | Reached skill level 1 in Invocations
   684 | D:2      | Reached skill level 1 in Short Blades
   684 | D:2      | Reached skill level 1 in Long Blades
   684 | D:2      | Reached skill level 1 in Axes
   684 | D:2      | Reached skill level 1 in Maces & Flails
   684 | D:2      | Reached skill level 1 in Polearms
   684 | D:2      | Reached skill level 1 in Staves
   684 | D:2      | Reached skill level 1 in Ranged Weapons
   684 | D:2      | Reached skill level 1 in Armour
   684 | D:2      | Reached skill level 1 in Shields
   684 | D:2      | Reached skill level 1 in Unarmed Combat
   684 | D:2      | Reached skill level 1 in Evocations
   769 | D:2      | Reached XP level 4. HP: 33/34 MP: 8/8
   796 | D:2      | Reached skill level 3 in Spellcasting
   904 | D:2      | Reached skill level 1 in Conjurations
   904 | D:2      | Reached skill level 1 in Hexes
   904 | D:2      | Reached skill level 1 in Summonings
   904 | D:2      | Reached skill level 1 in Necromancy
   904 | D:2      | Reached skill level 1 in Translocations
   904 | D:2      | Reached skill level 1 in Transmutations
   904 | D:2      | Reached skill level 1 in Fire Magic
   904 | D:2      | Reached skill level 1 in Ice Magic
   904 | D:2      | Reached skill level 1 in Earth Magic
   904 | D:2      | Reached skill level 1 in Poison Magic
  1159 | D:2      | Found a faded altar of an unknown god.
  1226 | D:2      | Noticed Jessica
  1446 | D:3      | Found a white marble altar of Elyvilon.
  1470 | D:3      | Became a worshipper of Elyvilon the Healer
  1579 | D:3      | Reached XP level 5. HP: 40/40 MP: 9/9
  1801 | D:3      | Found a bloodstained altar of Trog.
  1887 | D:3      | Reached skill level 3 in Fighting
  2292 | D:4      | Reached * piety under Elyvilon
  2292 | D:4      | Identified the +3 long sword "Earthworm" {freeze, rC+}
  2377 | D:4      | Reached skill level 3 in Stealth
  2377 | D:4      | Reached skill level 2 in Invocations
  2377 | D:4      | Reached XP level 6. HP: 35/47 MP: 9/11
  2387 | D:4      | Reached skill level 2 in Short Blades
  2387 | D:4      | Reached skill level 2 in Long Blades
  2387 | D:4      | Reached skill level 2 in Axes
  2387 | D:4      | Reached skill level 2 in Maces & Flails
  2387 | D:4      | Reached skill level 2 in Polearms
  2387 | D:4      | Reached skill level 2 in Staves
  2387 | D:4      | Reached skill level 2 in Ranged Weapons
  2387 | D:4      | Reached skill level 2 in Armour
  2387 | D:4      | Reached skill level 5 in Dodging
  2387 | D:4      | Reached skill level 2 in Shields
  2387 | D:4      | Reached skill level 2 in Unarmed Combat
  2387 | D:4      | Reached skill level 2 in Evocations
  2595 | D:4      | Reached XP level 7. HP: 52/52 MP: 12/12
  2597 | D:4      | Reached skill level 2 in Conjurations
  2597 | D:4      | Reached skill level 2 in Hexes
  2597 | D:4      | Reached skill level 2 in Summonings
  2597 | D:4      | Reached skill level 2 in Necromancy
  2597 | D:4      | Reached skill level 2 in Translocations
  2597 | D:4      | Reached skill level 2 in Transmutations
  2597 | D:4      | Reached skill level 2 in Fire Magic
  2597 | D:4      | Reached skill level 2 in Ice Magic
  2597 | D:4      | Reached skill level 3 in Air Magic
  2597 | D:4      | Reached skill level 2 in Earth Magic
  2597 | D:4      | Reached skill level 2 in Poison Magic
  2920 | D:4      | Found Diogit's Antique Armour Shop.
  2924 | D:4      | Bought a pair of runed gloves for 217 gold pieces
  3253 | D:5      | Entered Level 5 of the Dungeon
  3253 | D:5      | Noticed Sigmund
  3253 | D:5      | Reached ** piety under Elyvilon
  3257 | D:5      | Noticed Menkaure
  3259 | D:5      | Killed Sigmund
  3260 | D:5      | Reached skill level 9 in Throwing
  3260 | D:5      | Reached skill level 4 in Spellcasting
  3260 | D:5      | Reached skill level 3 in Invocations
  3337 | D:4      | HP: 4/53 [Menkaure (14)]
  3342 | D:4      | Killed Menkaure
  3343 | D:4      | Reached skill level 4 in Fighting
  3343 | D:4      | Reached skill level 3 in Short Blades
  3343 | D:4      | Reached skill level 3 in Long Blades
  3343 | D:4      | Reached skill level 3 in Axes
  3343 | D:4      | Reached skill level 3 in Maces & Flails
  3343 | D:4      | Reached skill level 3 in Polearms
  3343 | D:4      | Reached skill level 3 in Staves
  3343 | D:4      | Reached skill level 3 in Ranged Weapons
  3343 | D:4      | Reached skill level 3 in Armour
  3343 | D:4      | Reached skill level 3 in Shields
  3343 | D:4      | Reached skill level 3 in Unarmed Combat
  3343 | D:4      | Reached skill level 3 in Evocations
  3343 | D:4      | Reached XP level 8. HP: 32/60 MP: 14/14
  3412 | D:5      | Reached skill level 4 in Stealth
  3490 | D:5      | Identified the +0 leather armour "Axaiklucs" {MP+9 Str+3
                  | Int+3}
  3628 | D:5      | Noticed Dowan
  3654 | D:5      | Killed Dowan
  3766 | D:5      | Noticed Duvessa
  3777 | D:5      | Killed Duvessa
  3842 | D:5      | Found Iraop's Jewellery Emporium.
  3951 | D:5      | Found a staircase to the Ecumenical Temple.
  4032 | D:5      | Reached skill level 3 in Conjurations
  4032 | D:5      | Reached skill level 3 in Hexes
  4032 | D:5      | Reached skill level 3 in Summonings
  4032 | D:5      | Reached skill level 3 in Necromancy
  4032 | D:5      | Reached skill level 3 in Translocations
  4032 | D:5      | Reached skill level 3 in Transmutations
  4032 | D:5      | Reached skill level 3 in Fire Magic
  4032 | D:5      | Reached skill level 3 in Ice Magic
  4032 | D:5      | Reached skill level 3 in Earth Magic
  4032 | D:5      | Reached skill level 3 in Poison Magic
  4032 | D:5      | Reached skill level 4 in Invocations
  4139 | D:5      | Reached skill level 6 in Dodging
  4171 | D:6      | Found a sparkling altar of Nemelex Xobeh.
  4347 | D:6      | Reached XP level 9. HP: 67/67 MP: 16/16
  4363 | D:6      | Reached skill level 4 in Short Blades
  4363 | D:6      | Reached skill level 4 in Long Blades
  4363 | D:6      | Reached skill level 4 in Axes
  4363 | D:6      | Reached skill level 4 in Maces & Flails
  4363 | D:6      | Reached skill level 4 in Polearms
  4363 | D:6      | Reached skill level 4 in Staves
  4363 | D:6      | Reached skill level 4 in Ranged Weapons
  4363 | D:6      | Reached skill level 4 in Armour
  4363 | D:6      | Reached skill level 4 in Shields
  4363 | D:6      | Reached skill level 4 in Unarmed Combat
  4363 | D:6      | Reached skill level 5 in Spellcasting
  4363 | D:6      | Reached skill level 4 in Air Magic
  4363 | D:6      | Reached skill level 4 in Evocations
  4440 | D:6      | Reached *** piety under Elyvilon
  4568 | D:6      | Found an opulent altar of Gozag.
  4745 | D:6      | Found a burning altar of Makhleb.
  4926 | D:7      | Reached skill level 5 in Fighting
  4930 | D:7      | HP: 11/68 [something (26)]
  4939 | D:7      | Reached skill level 5 in Stealth
  5067 | D:7      | Reached skill level 5 in Invocations
  5435 | D:7      | Reached skill level 4 in Conjurations
  5435 | D:7      | Reached skill level 4 in Hexes
  5435 | D:7      | Reached skill level 4 in Summonings
  5435 | D:7      | Reached skill level 4 in Necromancy
  5435 | D:7      | Reached skill level 4 in Translocations
  5435 | D:7      | Reached skill level 4 in Transmutations
  5435 | D:7      | Reached skill level 4 in Fire Magic
  5435 | D:7      | Reached skill level 4 in Ice Magic
  5435 | D:7      | Reached skill level 4 in Earth Magic
  5435 | D:7      | Reached skill level 4 in Poison Magic
  5471 | D:7      | Learned a level 2 spell: Poisonous Vapours
  5475 | D:7      | Learned a level 3 spell: Teleport Other
  5479 | D:7      | Learned a level 3 spell: Call Canine Familiar
  5521 | D:7      | Found Qezoelias's Assorted Antiques.
  5638 | D:4      | Bought a crude leather armour for 203 gold pieces
  5638 | D:4      | Identified the +1 leather armour of Xorutz {rElec Str+3}
                  | (You bought it in a shop on level 4 of the Dungeon)
  6160 | D:8      | Noticed a cyclops
  6160 | D:8      | Noticed a deep elf pyromancer
  6274 | D:8      | Reached skill level 5 in Short Blades
  6274 | D:8      | Reached skill level 5 in Long Blades
  6274 | D:8      | Reached skill level 5 in Axes
  6274 | D:8      | Reached skill level 5 in Maces & Flails
  6274 | D:8      | Reached skill level 5 in Polearms
  6274 | D:8      | Reached skill level 5 in Staves
  6274 | D:8      | Reached skill level 5 in Ranged Weapons
  6274 | D:8      | Reached skill level 5 in Armour
  6274 | D:8      | Reached skill level 5 in Shields
  6274 | D:8      | Reached skill level 5 in Unarmed Combat
  6274 | D:8      | Reached skill level 5 in Evocations
  6274 | D:8      | Reached XP level 10. HP: 76/76 MP: 18/18
  6306 | D:8      | Killed a cyclops
  6307 | D:8      | Reached skill level 10 in Throwing
  6307 | D:8      | Reached skill level 7 in Dodging
  6313 | D:8      | Noticed a four-headed hydra
  6318 | D:8      | Identified the +7 sling of the Conjuring Asp {freeze,
                  | *Corrode rF+ Will+ SInv}
  6327 | D:8      | Killed a four-headed hydra
  6328 | D:8      | Reached skill level 6 in Fighting
  6328 | D:8      | Reached skill level 6 in Spellcasting
  6328 | D:8      | Reached skill level 5 in Air Magic
  6335 | D:8      | Noticed a boulder beetle
  6335 | D:8      | Identified the ring of Biymodek {AC+4 Dex+2 Slay+3}
  6336 | D:8      | Noticed an unseen horror
  6350 | D:8      | Noticed a deep elf pyromancer
  6351 | D:8      | Killed an unseen horror
  6352 | D:8      | Reached skill level 6 in Stealth
  6354 | D:8      | Reached skill level 6 in Invocations
  6404 | D:8      | Killed a boulder beetle
  6426 | D:8      | Killed a deep elf pyromancer
  6456 | D:8      | Noticed a cyclops
  6489 | D:8      | Killed a cyclops
  6493 | D:8      | Killed a deep elf pyromancer
  6494 | D:8      | Reached skill level 6 in Short Blades
  6494 | D:8      | Reached skill level 6 in Long Blades
  6494 | D:8      | Reached skill level 6 in Axes
  6494 | D:8      | Reached skill level 6 in Maces & Flails
  6494 | D:8      | Reached skill level 6 in Polearms
  6494 | D:8      | Reached skill level 6 in Staves
  6494 | D:8      | Reached skill level 6 in Ranged Weapons
  6494 | D:8      | Reached skill level 6 in Armour
  6494 | D:8      | Reached skill level 6 in Shields
  6494 | D:8      | Reached skill level 6 in Unarmed Combat
  6494 | D:8      | Reached skill level 5 in Conjurations
  6494 | D:8      | Reached skill level 5 in Hexes
  6494 | D:8      | Reached skill level 5 in Summonings
  6494 | D:8      | Reached skill level 5 in Necromancy
  6494 | D:8      | Reached skill level 5 in Translocations
  6494 | D:8      | Reached skill level 5 in Transmutations
  6494 | D:8      | Reached skill level 5 in Fire Magic
  6494 | D:8      | Reached skill level 5 in Ice Magic
  6494 | D:8      | Reached skill level 5 in Earth Magic
  6494 | D:8      | Reached skill level 5 in Poison Magic
  6494 | D:8      | Reached skill level 6 in Evocations
  6494 | D:8      | Reached XP level 11. HP: 60/83 MP: 18/21
  6515 | D:8      | Noticed a cyclops
  6518 | D:8      | Noticed a manticore
  6548 | D:8      | Killed a manticore
  6549 | D:8      | Noticed Amaemon
  6565 | D:8      | Killed Amaemon
  6569 | D:8      | Reached skill level 7 in Spellcasting
  6573 | D:8      | Killed a cyclops
  6574 | D:8      | Reached skill level 7 in Invocations
  6949 | D:9      | Reached skill level 7 in Fighting
  6949 | D:9      | Reached skill level 8 in Dodging
  6957 | D:9      | Found a snail-covered altar of Cheibriados.
  7013 | D:9      | Noticed Erica
  7025 | D:9      | Killed Erica
  7026 | D:9      | Reached skill level 7 in Stealth
  7121 | D:9      | Noticed a centaur warrior
  7128 | D:9      | Reached skill level 6 in Air Magic
  7141 | D:9      | Killed a centaur warrior
  7179 | D:9      | Reached **** piety under Elyvilon
  7224 | D:9      | Noticed a two-headed ogre
  7228 | D:9      | Killed a two-headed ogre
  7229 | D:9      | Reached skill level 11 in Throwing
  7272 | D:9      | Found a staircase to the Orcish Mines.
  7390 | D:9      | Noticed Dittersdorf's ghost (journeyman GrFi)
  7403 | D:9      | Found a transporter.
  7427 | D:9      | Found a transporter.
  7430 | D:9      | Noticed a moth of wrath
  7437 | D:9      | Reached skill level 7 in Short Blades
  7437 | D:9      | Reached skill level 7 in Long Blades
  7437 | D:9      | Reached skill level 7 in Axes
  7437 | D:9      | Reached skill level 7 in Maces & Flails
  7437 | D:9      | Reached skill level 7 in Polearms
  7437 | D:9      | Reached skill level 7 in Staves
  7437 | D:9      | Reached skill level 7 in Ranged Weapons
  7437 | D:9      | Reached skill level 7 in Armour
  7437 | D:9      | Reached skill level 7 in Shields
  7437 | D:9      | Reached skill level 7 in Unarmed Combat
  7437 | D:9      | Reached skill level 7 in Evocations
  7549 | D:9      | Identified the +3 leather armour of Cocytus {Dex+3}
  7567 | D:9      | Reached XP level 12. HP: 73/91 MP: 23/23
  7609 | D:9      | Reached skill level 6 in Conjurations
  7609 | D:9      | Reached skill level 6 in Hexes
  7609 | D:9      | Reached skill level 6 in Summonings
  7609 | D:9      | Reached skill level 6 in Necromancy
  7609 | D:9      | Reached skill level 6 in Translocations
  7609 | D:9      | Reached skill level 6 in Transmutations
  7609 | D:9      | Reached skill level 6 in Fire Magic
  7609 | D:9      | Reached skill level 6 in Ice Magic
  7609 | D:9      | Reached skill level 6 in Earth Magic
  7609 | D:9      | Reached skill level 6 in Poison Magic
  7616 | D:9      | Reached skill level 8 in Invocations
  7932 | D:10     | Entered Level 10 of the Dungeon
  7945 | D:10     | Noticed a two-headed ogre
  7955 | D:10     | Killed a two-headed ogre
  8125 | D:10     | Reached skill level 8 in Spellcasting
  8198 | D:9      | HP: 11/92 [komodo dragon (21)]
  8278 | D:9      | Reached skill level 8 in Fighting
  8325 | D:10     | Found a staircase to the Lair.
  8610 | D:11     | Reached skill level 8 in Stealth
  8624 | D:11     | Reached skill level 9 in Dodging
  8641 | D:11     | Noticed a centaur warrior
  8679 | D:11     | Killed a centaur warrior
  8713 | D:11     | Noticed a two-headed ogre
  8722 | D:11     | Killed a two-headed ogre
  8843 | D:11     | Noticed a two-headed ogre
  8852 | D:11     | Killed a two-headed ogre
  8950 | D:11     | Reached skill level 7 in Air Magic
  9080 | D:11     | Reached ***** piety under Elyvilon
  9338 | D:12     | Reached skill level 8 in Short Blades
  9338 | D:12     | Reached skill level 8 in Long Blades
  9338 | D:12     | Reached skill level 8 in Axes
  9338 | D:12     | Reached skill level 8 in Maces & Flails
  9338 | D:12     | Reached skill level 8 in Polearms
  9338 | D:12     | Reached skill level 8 in Staves
  9338 | D:12     | Reached skill level 8 in Ranged Weapons
  9338 | D:12     | Reached skill level 8 in Armour
  9338 | D:12     | Reached skill level 8 in Shields
  9338 | D:12     | Reached skill level 8 in Unarmed Combat
  9338 | D:12     | Reached skill level 8 in Evocations
  9348 | D:12     | Found Jeotomp's Demolitions Depot.
  9420 | D:12     | Noticed Snorg
  9432 | D:12     | Noticed Kirke
  9433 | D:12     | HP: 16/112 [Snorg (20)]
  9548 | D:12     | Noticed a boulder beetle
  9561 | D:12     | Killed a boulder beetle
  9562 | D:12     | Reached XP level 13. HP: 37/99 MP: 25/25
  9662 | D:12     | Reached skill level 9 in Invocations
  9855 | D:11     | Noticed a sphinx
  9857 | D:11     | Noticed a sphinx
  9858 | D:11     | Killed Kirke
  9899 | D:12     | Reached skill level 7 in Conjurations
  9899 | D:12     | Reached skill level 7 in Hexes
  9899 | D:12     | Reached skill level 7 in Summonings
  9899 | D:12     | Reached skill level 7 in Necromancy
  9899 | D:12     | Reached skill level 7 in Translocations
  9899 | D:12     | Reached skill level 7 in Transmutations
  9899 | D:12     | Reached skill level 7 in Fire Magic
  9899 | D:12     | Reached skill level 7 in Ice Magic
  9899 | D:12     | Reached skill level 7 in Earth Magic
  9899 | D:12     | Reached skill level 7 in Poison Magic
  9945 | D:12     | Noticed Fannar
  9963 | D:12     | Found a runed translucent door.
  9963 | D:12     | Noticed Legacy's ghost (journeyman MiBe)
 10036 | D:12     | Killed Fannar
 10037 | D:12     | Reached skill level 9 in Spellcasting
 10385 | D:12     | Reached skill level 9 in Fighting
 10385 | D:12     | Reached skill level 12 in Throwing
 10498 | D:12     | Killed Snorg
 10499 | D:12     | Reached skill level 9 in Stealth
 10669 | Lair:1   | Entered Level 1 of the Lair of Beasts
 10731 | Lair:1   | HP: 22/101 [poisoned by a black mamba]
 10736 | Lair:1   | HP: 25/101 [black mamba (4)]
 10737 | Lair:1   | HP: 11/101 [black mamba (8)]
 10737 | Lair:1   | HP: 4/101 [elephant (7)]
 10742 | Lair:1   | HP: 18/101 [cane toad (10)]
 10962 | Lair:1   | Reached skill level 10 in Dodging
 11698 | Lair:2   | Reached skill level 9 in Short Blades
 11698 | Lair:2   | Reached skill level 9 in Long Blades
 11698 | Lair:2   | Reached skill level 9 in Axes
 11698 | Lair:2   | Reached skill level 9 in Maces & Flails
 11698 | Lair:2   | Reached skill level 9 in Polearms
 11698 | Lair:2   | Reached skill level 9 in Staves
 11698 | Lair:2   | Reached skill level 9 in Ranged Weapons
 11698 | Lair:2   | Reached skill level 9 in Armour
 11698 | Lair:2   | Reached skill level 9 in Shields
 11698 | Lair:2   | Reached skill level 9 in Unarmed Combat
 11698 | Lair:2   | Reached skill level 9 in Evocations
 11946 | Lair:2   | Learned a level 4 spell: Summon Lightning Spire
 11974 | Lair:2   | Noticed Urug
 12005 | Lair:2   | Killed Urug
 12143 | Lair:2   | Noticed Nergalle
 12152 | Lair:2   | Killed Nergalle
 12153 | Lair:2   | Reached skill level 10 in Invocations
 12153 | Lair:2   | Reached XP level 14. HP: 62/104 MP: 19/27
 12474 | Lair:2   | Reached skill level 8 in Air Magic
 13052 | Lair:3   | Found a staircase to the Shoals.
 13052 | Lair:3   | Reached ****** piety under Elyvilon
 13199 | Lair:3   | Found a staircase to the Snake Pit.
 13874 | Lair:4   | Found a staircase to the Slime Pits.
 14209 | Lair:4   | Noticed Sonja
 14225 | Lair:4   | Killed Sonja
 14226 | Lair:4   | Reached skill level 10 in Spellcasting
 14429 | Lair:4   | Reached skill level 8 in Conjurations
 14429 | Lair:4   | Reached skill level 8 in Hexes
 14429 | Lair:4   | Reached skill level 8 in Summonings
 14429 | Lair:4   | Reached skill level 8 in Necromancy
 14429 | Lair:4   | Reached skill level 8 in Translocations
 14429 | Lair:4   | Reached skill level 8 in Transmutations
 14429 | Lair:4   | Reached skill level 8 in Fire Magic
 14429 | Lair:4   | Reached skill level 8 in Ice Magic
 14429 | Lair:4   | Reached skill level 8 in Earth Magic
 14429 | Lair:4   | Reached skill level 8 in Poison Magic
 14735 | Lair:5   | Entered Level 5 of the Lair of Beasts
 14784 | Lair:5   | Reached skill level 10 in Fighting
 14979 | Lair:5   | Reached skill level 10 in Stealth
 15660 | Lair:5   | Reached skill level 10 in Short Blades
 15660 | Lair:5   | Reached skill level 10 in Long Blades
 15660 | Lair:5   | Reached skill level 10 in Axes
 15660 | Lair:5   | Reached skill level 10 in Maces & Flails
 15660 | Lair:5   | Reached skill level 10 in Polearms
 15660 | Lair:5   | Reached skill level 10 in Staves
 15660 | Lair:5   | Reached skill level 10 in Ranged Weapons
 15660 | Lair:5   | Reached skill level 10 in Armour
 15660 | Lair:5   | Reached skill level 11 in Dodging
 15660 | Lair:5   | Reached skill level 10 in Shields
 15660 | Lair:5   | Reached skill level 10 in Unarmed Combat
 15660 | Lair:5   | Reached skill level 10 in Evocations
 15671 | Lair:5   | Reached skill level 13 in Throwing
 15724 | Lair:5   | Noticed a dire elephant
 15738 | Lair:5   | Killed a dire elephant
 15739 | Lair:5   | Reached XP level 15. HP: 115/117 MP: 17/29
 15819 | Lair:5   | Identified the +2 pair of boots "Qitush" {Rampage Will+}
 15873 | Lair:5   | Reached skill level 11 in Invocations
 16798 | Orc:1    | Entered Level 1 of the Orcish Mines
 17046 | Orc:1    | Found Eceynaps's Magic Scroll Shop.
 17272 | Orc:2    | Entered Level 2 of the Orcish Mines
 17272 | Orc:2    | Found a bloodstained altar of Trog.
 17287 | Orc:2    | Found a staircase to the Elven Halls.
 17308 | Orc:2    | Found Heiv's Antique Armour Shoppe.
 17317 | Orc:2    | Bought a pair of brightly glowing gloves for 275 gold
                  | pieces
 17317 | Orc:2    | Identified the +0 pair of gloves of Context {SInv} (You
                  | bought it in a shop on level 2 of the Orcish Mines)
 17432 | Orc:2    | Reached skill level 9 in Air Magic
 17770 | Orc:2    | HP: 23/117 [ogre mage/bolt of magma (22)]
 18146 | Orc:2    | Found Boumuzoi's Assorted Antiques.
 18146 | Orc:2    | Found Yxuingit's Book Boutique.
 18147 | Orc:2    | Found Yxtophi's Magic Scroll Shop.
 18147 | Orc:2    | Found Tuypeiz's Armour Shoppe.
 18157 | Orc:2    | Bought a scroll labelled GITAEJ METUNNYUSE for 29 gold
                  | pieces
 18280 | Orc:2    | Found Vezoz's Firing Range.
 18349 | Orc:2    | Found Jaworhoa's Assorted Antiques.
 18357 | Orc:2    | Bought a scroll labelled HIOCVU JASH for 29 gold pieces
 18907 | D:13     | Reached skill level 11 in Spellcasting
 19098 | D:13     | Reached skill level 11 in Fighting
 19103 | D:13     | Learned a level 4 spell: Manifold Assault
 19396 | D:14     | Reached skill level 9 in Conjurations
 19396 | D:14     | Reached skill level 9 in Hexes
 19396 | D:14     | Reached skill level 9 in Summonings
 19396 | D:14     | Reached skill level 9 in Necromancy
 19396 | D:14     | Reached skill level 9 in Translocations
 19396 | D:14     | Reached skill level 9 in Transmutations
 19396 | D:14     | Reached skill level 9 in Fire Magic
 19396 | D:14     | Reached skill level 9 in Ice Magic
 19396 | D:14     | Reached skill level 9 in Earth Magic
 19396 | D:14     | Reached skill level 9 in Poison Magic
 19631 | D:14     | Reached skill level 11 in Stealth
 20636 | D:14     | Noticed Josephine
 20640 | D:14     | Killed Josephine
 20733 | D:14     | Noticed Agnes
 20742 | D:14     | HP: 5/118 [Agnes/+1 lajatang of electrocution (33)]
 20747 | D:14     | HP: 11/118 [Agnes/+1 lajatang of electrocution (23)]
 20750 | D:14     | Elyvilon protects you from harm!
 20750 | D:14     | HP: 4/118 [Agnes/+1 lajatang of electrocution (12)]
 20756 | D:14     | HP: 9/118 [Agnes/+1 lajatang of electrocution (1)]
 20757 | D:14     | Elyvilon protects you from harm!
 20757 | D:14     | Elyvilon protects you from harm!
 20763 | D:14     | HP: 26/118 [Agnes/+1 lajatang of electrocution (34)]
 20765 | D:14     | HP: 3/118 [Agnes/+1 lajatang of electrocution (25)]
 20769 | D:14     | Elyvilon protects you from harm!
 20771 | D:14     | HP: 26/118 [Agnes/+1 lajatang of electrocution (25)]
 20771 | D:14     | HP: 10/118 [Agnes/+1 lajatang of electrocution (16)]
 20775 | D:14     | Elyvilon protects you from harm!
 20777 | D:14     | HP: 18/118 [Agnes/+1 lajatang of electrocution (19)]
 20779 | D:14     | HP: 8/118 [Agnes/+1 lajatang of electrocution (8)]
 20779 | D:14     | Mangled by Agnes

Illustrated notes

Levels and vault maps discovered:
D:1:      nicolae_arrival_escape_room, layout_basic
D:2:      layout_loops_ring, shapermc_ecumenical_altar_pompeii, uniq_jessica
D:3:      corexii_shack_village, layout_loops_ring, bloody_trog,
          elyvilon_altar_5, minmay_increasing_density
D:4:      layout_basic, serial_shops, kennysheep_mini_moat,
          minmay_pentomino_pile
D:5:      layout_cave_pools, minmay_temple_entry_nine_rooms, serial_shops,
          nicolae_shop_stone, grunt_ministairs_6, uniq_duvessa, uniq_sigmund,
          uniq_menkaure
D:6:      layout_basic, nicolae_gozag_cash_rules_everything_around_me,
          makhleb_heckhound_becter, kennysheep_mini
D:7:      layout_loops_ring, serial_rivers, chequers_serial_rivers_room_b,
          chequers_serial_rivers_room_a, chequers_serial_rivers_small_b,
          chequers_serial_rivers_micro_d, serial_shops,
          nicolae_shop_temple_entry_statues_fountains, nicolae_grassy_gnolls
D:8:      minmay_cut_squares, layout_loops_ring, uniq_amaemon
D:9:      lemuel_troll_bridge, layout_irregular_city,
          nicolae_overflow_crystal_walls, hiddenorc1_lemuel,
          gammafunk_ghost_berserking_beasts, uniq_erica
D:10:     layout_roguey, grunt_lair_entry_orc_guard_hut
D:11:     layout_irregular_city
D:12:     layout_small_grid, ebering_ghost_inner_flame, nicolae_blasting_shop,
          nooodl_orcs_dogs, uniq_snorg, uniq_fannar, uniq_kirke
D:13:     layout_cave_pools
D:14:     layout_basic, grunt_vaults_entry_fortified, hangedman_decor_riveting,
          uniq_azrael, uniq_josephine, uniq_agnes
Lair:1:   layout_hall_layers, grunt_megastairs_5, serial_bayou_shore_a,
          lemuel_fruit_tree
Lair:2:   layout_hall_layers, st_stairs_13, fungi_pond_lemuel,
          beast_lair_carwin_6, uniq_urug, uniq_nergalle
Lair:3:   layout_regular_city, minmay_shoals_entry_centaurs,
          minmay_snake_entry_guardpost_small, infiniplex_staircase_pool
Lair:4:   layout_roguey, slime_entry_1, uniq_sonja
Lair:5:   grunt_lair_end_beastmaster, layout_hall_layers
Orc:1:    layout_caves, serial_shops, nicolae_diamond_shop, basic_altar
Orc:2:    st_orc_ogre_mass, layout_caves, serial_shops, nicolae_shop_crystal,
          shop, basic_altar, nicolae_shop_firing_range

Skill      XL: |  1  2  3  4  5  6  7  8  9 10 11 12 13 14 15 |
---------------+----------------------------------------------+-----
Air Magic      | 2 3 4 5 6 7 8 9 |  9.3
Invocations    | 1 2 3 4 5 6 7 8 10 11 | 11.7
Short Blades   | 1 2 3 5 6 7 8 9 10 | 10.8
Long Blades    | 1 2 3 5 6 7 8 9 10 | 10.8
Axes           | 1 2 3 5 6 7 8 9 10 | 10.8
Maces & Flails | 1 2 3 5 6 7 8 9 10 | 10.8
Polearms       | 1 2 3 5 6 7 8 9 10 | 10.8
Staves         | 1 2 3 5 6 7 8 9 10 | 10.8
Ranged Weapons | 1 2 3 5 6 7 8 9 10 | 10.8
Armour         | 1 2 3 5 6 7 8 9 10 | 10.8
Shields        | 1 2 3 5 6 7 8 9 10 | 10.8
Unarmed Combat | 1 2 3 5 6 7 8 9 10 | 10.8
Evocations     | 1 2 3 5 6 7 8 9 10 | 10.8
Spellcasting   | 3 4 5 6 7 8 9 10 11 | 11.2
Conjurations   | 1 2 3 4 5 6 7 8 9 |  9.1
Hexes          | 1 2 3 4 5 6 7 8 9 |  9.1
Summonings     | 1 2 3 4 5 6 7 8 9 |  9.1
Necromancy     | 1 2 3 4 5 6 7 8 9 |  9.1
Translocations | 1 2 3 4 5 6 7 8 9 |  9.1
Transmutations | 1 2 3 4 5 6 7 8 9 |  9.1
Fire Magic     | 1 2 3 4 5 6 7 8 9 |  9.1
Ice Magic      | 1 2 3 4 5 6 7 8 9 |  9.1
Earth Magic    | 1 2 3 4 5 6 7 8 9 |  9.1
Poison Magic   | 1 2 3 4 5 6 7 8 9 |  9.1
Fighting       | 3 4 5 6 7 8 9 10 11 | 11.1
Stealth        | 3 4 5 6 7 8 9 10 11 | 11.1
Dodging        | 5 6 7 8 9 10 11 | 11.7
Throwing       | 9 10 11 12 13 | 13.5

Action                     |  1- 3 |  4- 6 |  7- 9 | 10-12 | 13-15 || total
---------------------------+-------+-------+-------+-------+-------++-------
  Melee: Dagger            |    50 |       |       |       |     2 ||    52
         Bite              |     9 |    31 |    39 |    31 |    74 ||   184
         Flail             |    13 |   176 |   266 |     3 |       ||   458
         Punch             |       |     3 |     9 |       |       ||    12
         Long sword        |       |    42 |    22 |       |       ||    64
         Mace              |       |       |     7 |       |       ||     7
         Glaive            |       |       |       |   273 |   668 ||   941
   Fire: Sling             |       |       |       |   236 |   359 ||   595
  Throw: Stone             |     6 |    55 |    26 |    19 |       ||   106
         Dart              |       |       |     3 |    11 |    12 ||    26
         Boomerang         |       |       |     3 |     9 |       ||    12
   Cast: Call Canine Famil |       |       |       |     3 |    35 ||    38
         Summon Lightning  |       |       |       |       |    82 ||    82
         Poisonous Vapours |       |       |       |       |     1 ||     1
         Manifold Assault  |       |       |       |       |    47 ||    47
 Invoke: Purification      |       |     1 |     3 |     3 |     5 ||    12
         Heal Other        |       |       |     6 |       |       ||     6
         Heal Self         |       |       |       |     4 |    22 ||    26
         Divine Vigour     |       |       |       |     1 |     1 ||     2
  Evoke: Wand              |       |       |       |     1 |       ||     1
         Phial of floods   |       |       |       |       |     1 ||     1
    Use: Potion            |     1 |       |     3 |     1 |     1 ||     6
         Scroll            |       |    13 |     7 |     6 |     8 ||    34
   Stab: Sleeping          |       |       |     2 |     4 |    12 ||    18
         Distracted        |       |       |       |     1 |    11 ||    12
         Petrified         |       |       |       |       |    12 ||    12
 Armour: Ring mail         |    21 |    47 |       |       |       ||    68
         Chain mail        |       |   129 |   230 |       |       ||   359
         Leather armour    |       |       |     5 |   180 |   393 ||   578
  Dodge: Dodged            |    34 |   104 |    89 |   467 |   897 ||  1591

Table legend: (Time is in decaauts)
 A = Elapsed time spent in this place.
 B = Non-inter-level travel time spent in this place.
 C = Inter-level travel time spent in this place.
 D = Time resting spent in this place.
 E = Time spent auto-exploring this place.
 F = Levels seen in this place.
 G = Mean time per level.
                   A        B        C        D        E       F      G
               +--------+--------+--------+--------+--------+-----+--------+
         Total |  21122 |  19540 |   1582 |   1404 |  13357 |  21 | 1005.8 |
       Dungeon |  13090 |  12056 |   1034 |    798 |   8096 |  14 |  935.0 |
          Lair |   6118 |   5817 |    301 |    387 |   4267 |   5 | 1223.6 |
  Orcish Mines |   1912 |   1666 |    246 |    218 |    994 |   2 |  956.0 |
               +--------+--------+--------+--------+--------+-----+--------+

Top non-repeatable levels by time:
  Lair:5: 1885 daAuts
     D:9: 1326 daAuts
    D:12: 1318 daAuts
   Orc:2: 1234 daAuts
     D:4: 1142 daAuts
     D:7: 1129 daAuts
  Lair:2: 1106 daAuts
  Lair:4: 1093 daAuts
  Lair:3: 1053 daAuts
    D:11: 1020 daAuts
  Lair:1: 979 daAuts
    D:14: 900 daAuts
     D:3: 882 daAuts
     D:8: 856 daAuts
     D:5: 831 daAuts

Table legend:
 A = Kills in this place as a percentage of kills in entire the game.
 B = Kills by you in this place as a percentage of kills by you in the entire game.
 C = Kills by friends in this place as a percentage of kills by friends in the entire game.
 D = Other kills in this place as a percentage of other kills in the entire game.
 E = Experience gained in this place as a percentage of experience gained in the entire game.
 F = Experience gained in this place divided by the number of levels of this place that you have seen.
                   A       B       C       D       E      F
               +-------+-------+-------+-------+-------+----------------------
         Total | 100.0 | 100.0 | 100.0 | 100.0 | 100.0 | 5856.8
       Dungeon |  61.8 |  65.6 |   0.0 | 100.0 |  44.5 | 3911.6
          Lair |  27.4 |  22.9 | 100.0 |   0.0 |  41.0 | 10079.6
  Orcish Mines |  10.7 |  11.5 |   0.0 |   0.0 |  14.5 | 8916.0
               +-------+-------+-------+-------+-------+----------------------
